 Dungeon Crawl Stone Soup version 0.27-a0-1140-g099f9bb0e8 (webtiles) character file.

Game seed: 9405202663548395031

122 leviel the Covered (level 4, -7/41 HPs)
             Began as a Minotaur Fighter on May 9, 2021.
             Blown up by Ijyb (21 damage)
             ... with a mindburst bolt
             ... on level 3 of the Dungeon.
             The game lasted 00:01:50 (2594 turns).

leviel the Covered (Minotaur Fighter)               Turns: 2594, Time: 00:01:51

Health: -7/41      AC:  7    Str: 22    XL:     4   Next: 78%
Magic:  3/3        EV:  7    Int:  5    God:
Gold:   81         SH: 10    Dex: 15    Spells: 3/3 levels left

rFire    . . .     SeeInvis .   a - +0 war axe
rCold    . . .     Faith    .   c - +0 kite shield
rNeg     . . .     Spirit   .   b - +0 scale mail
rPois    .         Reflect  .   (helmet restricted)
rElec    .         Harm     .   (no cloak)
rCorr    .         Rampage  .   (no gloves)
Will     .....                  (no boots)
Stlth    ..........             (no amulet)
HPRegen  0.13/turn              l - +6 ring of dexterity
MPRegen  0.08/turn              (no ring)

@: mighty
A: horns 2, retaliatory headbutt
a: no special abilities


You were on level 3 of the Dungeon.
You visited 1 branch of the dungeon, and saw 3 of its levels.

You collected 81 gold pieces.

Inventory:

Hand Weapons
 a - a +0 war axe (weapon)
Armour
 b - a +0 scale mail (worn)
 c - a +0 kite shield (worn)
Jewellery
 l - a +6 ring of dexterity (left hand)
Wands
 k - a wand of charming (10)
Potions
 e - 2 potions of haste {unknown}
 f - a potion of mutation {unknown}
 i - a potion of degeneration {unknown}
 o - a potion of heal wounds {unknown}


   Skills:
 + Level 4.6 Fighting
 * Level 4.5 Axes
 + Level 4.6 Armour
 - Level 3.6 Shields


You had 3 spell levels left.
You didn't know any spells.
Your spell library contained the following spells:

 Spells                   Type           Power      Damage    Failure   Level
 Confusing Touch          Hex            0%         N/A       100%        3
 Gell's Gravitas          Tloc           0%         N/A       100%        3
 Petrify                  Tmut/Erth      0%         N/A       100%        4
 Metabolic Englaciation   Hex/Ice        0%         N/A       100%        5
 Yara's Violent Unravell  Hex/Tmut       0%         3d3       100%        5


Dungeon Overview and Level Annotations

Branches:
Dungeon (3/15)

Altars:

Annotations:
D:3 Ijyb


Innate Abilities, Weirdness & Mutations

You have a pair of horns on your head.
You reflexively headbutt those who attack you in melee.


Message History

No target in view!
Found a stone staircase leading down.
Ijyb the Twisted Goblin comes into view.
She is wielding a +1 dagger of electrocution and carrying a wand of mindburst (21).
Ijyb shouts!
Ijyb is nearby!
Ijyb zaps a wand.
Your mind is blasted!
Ouch! That really hurt!
You are too injured to fight recklessly!
You are too injured to fight recklessly!
You are too injured to fight recklessly!
You are too injured to fight recklessly!
You are too injured to fight recklessly!
You are too injured to fight recklessly!
You are too injured to fight recklessly!
You are too injured to fight recklessly!
You are too injured to fight recklessly!
You are too injured to fight recklessly!
You are too injured to fight recklessly!
You are too injured to fight recklessly!
You are too injured to fight recklessly!
You are too injured to fight recklessly!
You are too injured to fight recklessly!
You are too injured to fight recklessly!
You are too injured to fight recklessly!
Unknown command.
You are too injured to fight recklessly!
You feel very mighty all of a sudden. You block Ijyb's attack.
You slash Ijyb!
Ijyb is heavily wounded.
You block Ijyb's attack.
Ijyb hits you with a +1 dagger of electrocution.
You closely miss Ijyb. Your headbutt misses Ijyb.
Ijyb is heavily wounded.
Ijyb zaps a wand.
You barely resist. You hit Ijyb.
Ijyb is severely wounded.
Ijyb zaps a wand.
Your mind is blasted!
Ouch! That really hurt!
You die...

####........#.##......#
#........#.##......#
#........#.##......#
##########.##......#
#.##......# #.......>.#
####......# ###.#....#
#..@.....+ #..g.....#
#..........#
#.#........#
#.#........# #
#.#.#...... #........##
######...#


You could see Ijyb.

Vanquished Creatures
  An orc wizard (D:3)
  5 adders
  A worm (D:2)
  A dart slug (D:1)
  2 orcs (D:3)
  7 ball pythons
  2 endoplasms (D:1)
  3 giant cockroaches (D:1)
  6 goblins
  4 hobgoblins
  5 kobolds
  2 quokkas (D:1)
  2 bats (D:1)
  3 frilled lizards (D:1)
  4 rats
48 creatures vanquished.

Notes
Turn   | Place    | Note
-------+----------+-------------------------------------------
     0 | D:1      | leviel the Minotaur Fighter began the quest for the Orb.
     0 | D:1      | Reached XP level 1. HP: 19/19 MP: 0/0
     6 | D:1      | Noticed an anaconda
     6 | D:1      | Noticed a black bear
     6 | D:1      | Noticed a hound
     7 | D:1      | Noticed a swamp drake
    52 | D:1      | Reached XP level 2. HP: 22/27 MP: 1/1
   325 | D:1      | Found a faded altar of an unknown god.
   499 | D:1      | Reached XP level 3. HP: 33/33 MP: 2/2
  1437 | D:2      | Reached XP level 4. HP: 41/41 MP: 3/3
  2587 | D:3      | Noticed Ijyb
  2594 | D:3      | Blown up by Ijyb

Illustrated notes

Levels and vault maps discovered:
D:1:      onia_arrival_zoo_common, layout_rooms,
          hellmonk_ecumenical_altar_slurped_away, glass_columns_c, minivault_23
D:2:      layout_basic
D:3:      layout_basic, uniq_ijyb, uniq_terence, uniq_crazy_yiuf_cottage

Skill      XL: |  1  2  3 |
---------------+----------+-----
Fighting       | 4 |  4.6
Armour         | 4 |  4.6
Axes           | 3 4 |  4.5
Shields        | |  3.6

Action                   |  1- 3 |  4- 6 || total
-------------------------+-------+-------++-------
Melee: War axe           |    77 |    44 ||   121
       Headbutt          |    14 |     5 ||    19
  Use: Scroll            |       |     7 ||     7
       Potion            |       |     1 ||     1
Armor: Scale mail        |    27 |    23 ||    50
Dodge: Dodged            |    33 |    17 ||    50
Block: Kite shield       |    43 |    20 ||    63

Table legend: (Time is in decaauts)
 A = Elapsed time spent in this place.
 B = Non-inter-level travel time spent in this place.
 C = Inter-level travel time spent in this place.
 D = Time resting spent in this place.
 E = Time spent auto-exploring this place.
 F = Levels seen in this place.
 G = Mean time per level.
                   A        B        C        D        E       F      G
               +--------+--------+--------+--------+--------+-----+--------+
         Total |   2661 |   2606 |     55 |    572 |   1697 |   3 |  887.0 |
       Dungeon |   2661 |   2606 |     55 |    572 |   1697 |   3 |  887.0 |
               +--------+--------+--------+--------+--------+-----+--------+

Top non-repeatable levels by time:
     D:2: 1272 daAuts
     D:3: 721 daAuts
     D:1: 667 daAuts
